 Dungeon Crawl Stone Soup version 0.28.0 (webtiles) character file.

Game seed: 2508595775954406828

164 freelancePsychic the Ruffian (level 5, -1/42 HPs)
             Began as a Ghoul Hedge Wizard on Feb 16, 2022.
             Was a Believer of Makhleb.
             Slain by a gnoll shaman (7 damage)
             ... on level 4 of the Dungeon.
             The game lasted 00:08:00 (3185 turns).

freelancePsychic the Ruffian (Ghoul Hedge Wizard)   Turns: 3185, Time: 00:08:01

Health: -1/42      AC: 11    Str: 16    XL:     5   Next: 45%
Magic:  8/8        EV:  6    Int:  9    God:    Makhleb [**....]
Gold:   100        SH:  0    Dex:  8    Spells: 8/9 levels left

rFire   . . .      SeeInvis .     - Unarmed
rCold   + . .      Faith    .   (no shield)
rNeg    + + +      Spirit   .   l - +0 chain mail
rPois   ∞          Reflect  .   c - +0 hat
rElec   .          Harm     .   j - +2 cloak
rCorr   .          Rampage  .   (no gloves)
Will    .....                   (no boots)
Stlth   ..........              a - amulet of regeneration
HPRegen 0.00/turn               (no ring)
MPRegen 0.11/turn               (no ring)

@: inhibited regen
A: claws 1, cold resistance 1, negative energy resistance 3, inhibited
regeneration, torment resistance 2
a: Renounce Religion, Minor Destruction


You were on level 4 of the Dungeon.
You worshipped Makhleb.
Makhleb was pleased with you.
You visited 1 branch of the dungeon, and saw 4 of its levels.
You also visited: Ossuary.

You collected 100 gold pieces.

Inventory:

Hand Weapons
 h - a +0 dagger of speed
Armour
 b - a +0 robe
 c - a +0 hat (worn)
 e - a +0 leather armour
 g - a +0 pair of gloves
 j - a +2 cloak (worn)
 l - a +0 chain mail (worn)
Jewellery
 a - an amulet of regeneration (around neck)
Scrolls
 d - 2 scrolls of vulnerability
 f - a scroll of amnesia
 k - 2 scrolls of identify {@r1}
 m - 2 scrolls of enchant armour
Potions
 o - a potion of lignification


   Skills:
 + Level 2.5 Fighting
 - Level 1.1 Axes
 - Level 1.7 Dodging
 - Level 2.1 Stealth
 * Level 3.5 Unarmed Combat
 - Level 2.6 Spellcasting
 - Level 0.7 Conjurations
 - Level 0.8 Summonings
 - Level 0.8 Translocations
 + Level 2.2 Invocations


You had 8 spell levels left.
You knew the following spells:

 Your Spells              Type           Power      Damage    Failure   Level
a - Magic Dart            Conj           8%         1d3       99%         1

Your spell library contained the following spells:

 Spells                   Type           Power      Damage    Failure   Level
 Slow                     Hex            4%         N/A       100%        1
 Blink                    Tloc           4%         N/A       100%        2
 Call Imp                 Summ           2%         N/A       100%        2
 Corpse Rot               Necr/Air       2%         N/A       100%        2
 Poisonous Vapours        Pois/Air       2%         N/A       100%        2
 Conjure Flame            Conj/Fire      1%         6-21      100%        3
 Ignite Poison            Fire/Tmut/Pois 1%         N/A       100%        3
 Mephitic Cloud           Conj/Pois/Air  1%         N/A       100%        3
 Sticky Flame             Conj/Fire      1%         2d3       100%        4


Dungeon Overview and Level Annotations

Branches:
Dungeon (4/15)            Ossuary (visited)
 Temple: D:4-7

Altars:
Makhleb
Vehumet

Annotations:
D:2 Terence


Innate Abilities, Weirdness & Mutations

You thrive by killing the living.
You are immune to poison.
You have sharp fingernails.
Your flesh is cold resistant. (rC+)
You are immune to negative energy. (rN+++)
You do not regenerate when monsters are visible.
You are immune to unholy pain and torment.


Message History

Press: ? - help, Q - select action, (/) - cycle Shift-Dir - straight line, f/p - gnoll
Aim: a gnoll, wielding a +0 halberd (moderately wounded)
The puff of flame misses the gnoll shaman.
The puff of flame misses the gnoll.
The gnoll shouts!
You hear a shout!
Aiming: Minor Destruction (8% risk of failure)
Press: ? - help, Q - select action, (/) - cycle Shift-Dir - straight line, f/p - gnoll
Aim: a gnoll, wielding a +0 halberd (moderately wounded)
The puff of flame hits the gnoll.
The gnoll is heavily wounded.
Aiming: Minor Destruction (8% risk of failure)
Press: ? - help, Q - select action, (/) - cycle Shift-Dir - straight line, f/p - gnoll
Aim: a gnoll, wielding a +0 halberd (heavily wounded)
You fail to use your ability.
You scratch the gnoll shaman.
The gnoll shaman is moderately wounded.
A gnoll comes into view. It is wielding a +0 flail.
The gnoll barely misses you.
You closely miss the gnoll shaman.
The gnoll shaman is moderately wounded.
The gnoll shouts!
You hear a shout!
The gnoll throws a throwing net.
The throwing net hits you.
You become entangled in the net!
The gnoll hits you from afar with a +0 halberd!
As you read the scroll labelled GUIMPE URYI, it crumbles to dust.
The creatures around you are filled with an inner flame!
It was a scroll of immolation.
The gnoll shaman hits you with a +0 whip.
The gnoll hits you from afar with a +0 halberd!
Okay, then.
You struggle against the net.
The gnoll shaman hits you with a +0 whip.
The gnoll hits you but does no damage. The gnoll barely misses you.
You tear a large gash into the net.
The gnoll shaman hits you with a +0 whip!
* * * LOW HITPOINT WARNING * * *
The gnoll hits you but does no damage. The gnoll barely misses you.
You rip the net and break free!
The gnoll shaman hits you with a +0 whip!
You die...

......##.............
...........#.......#
...........##......#
............#......#
................g.##
..............#..##
............###g..#
............####g.###
........8##..#8g@...#
......###....###..###
.##...###.....#####
......#.#......###
...##...###.#....#
.>.##....#...##.##
..##....8#.###8..##
...##.#...###.....#
....#......##..#)##


You could see a gnoll shaman (inner flame) and 3 gnolls.

Vanquished Creatures
  An iguana (D:4)
  An orc wizard (D:3)
  A mummy (Ossuary)
  An adder (D:3)
  An adder zombie (Ossuary)
  An adder skeleton (D:4)
  A worm (D:4)
  6 orcs
  3 ball pythons
  7 endoplasms
  2 giant cockroaches
  8 goblins
  A hobgoblin (D:2)
  6 jackals (D:2)
  A quokka (D:4)
  7 bats
  A frilled lizard (D:1)
  6 hobgoblin zombies (Ossuary)
  A jackal zombie (Ossuary)
  4 kobolds
  10 kobold zombies (Ossuary)
  7 orc zombies (Ossuary)
  3 rats
80 creatures vanquished.

Notes
Turn   | Place    | Note
-------+----------+-------------------------------------------
     0 | D:1      | freelancePsychic the Ghoul Hedge Wizard began the quest for
                  | the Orb.
     0 | D:1      | Reached XP level 1. HP: 14/14 MP: 3/3
   222 | D:1      | Reached skill level 1 in Unarmed Combat
   229 | D:1      | Reached XP level 2. HP: 22/22 MP: 4/4
   482 | D:1      | Reached skill level 1 in Fighting
   930 | D:1      | Reached skill level 2 in Unarmed Combat
  1109 | D:1      | Found a faded altar of an unknown god.
  1116 | D:1      | Prayed at the altar of an unknown god.
  1116 | D:1      | Became a worshipper of Makhleb the Destroyer
  1116 | D:1      | Reached * piety under Makhleb
  1178 | D:1      | Found a radiant altar of Vehumet.
  1331 | D:2      | Noticed Terence
  1426 | D:2      | Reached XP level 3. HP: 16/28 MP: 6/6
  2058 | D:3      | Reached skill level 1 in Invocations
  2570 | D:2      | Reached XP level 4. HP: 32/36 MP: 7/7
  2670 | D:3      | Reached skill level 3 in Unarmed Combat
  2829 | D:4      | Reached skill level 1 in Axes
  2829 | D:4      | Reached XP level 5. HP: 26/41 MP: 8/8
  2875 | D:4      | Found a sand-covered staircase.
  2884 | Ossuary  | Entered an ossuary
  2897 | Ossuary  | Reached ** piety under Makhleb
  3185 | D:4      | Slain by a gnoll shaman

Illustrated notes

Levels and vault maps discovered:
D:1:      dpeg_arrival_water_altar, layout_basic,
          dilly_ecumenical_altar_fadedgnrine
D:2:      layout_basic, uniq_terence
D:3:      layout_basic, kennysheep_generic_room_10
D:4:      layout_cave_pools, mainiacjoe_overflow_swirl,
          lightli_ossuary_entry_decrepit_ruins, uniq_edmund

Skill      XL: |  1  2  3  4  5 |
---------------+----------------+-----
Unarmed Combat | 1 2 3 |  3.5
Fighting       | 1 2 |  2.5
Invocations    | 1 2 |  2.2
Axes           | 1 |  1.1
Dodging        | |  1.7
Stealth        | |  2.1
Spellcasting   | |  2.6
Conjurations   | |  0.7
Summonings     | |  0.8
Translocations | |  0.8

Action                   |  1- 3 |  4- 6 || total
-------------------------+-------+-------++-------
Melee: Unarmed           |   136 |   149 ||   285
       Punch             |     4 |     2 ||     6
       Dagger            |    22 |       ||    22
 Cast: Magic Dart        |    32 |       ||    32
Invok: Minor Destruction |       |     8 ||     8
  Use: Scroll            |     2 |     3 ||     5
       Potion            |     1 |     3 ||     4
 Stab: Sleeping          |     3 |       ||     3
Armor: Robe              |    35 |       ||    35
       Chain mail        |    19 |   132 ||   151
       Leather armour    |     4 |       ||     4
Dodge: Dodged            |    92 |    66 ||   158
